cohdb
Replays
Latest Replays
All Replays
Popular Replays
Top Player Replays
Match Explorer
How It Works
Community
CoH3 Stats
Reddit
Sign in to upload your games and track your stats! →
Sign in with Steam
Match 45614758
Unlisted
Match 45614758
Overview
Messages
Build Orders
End
Vickers Machine Gun Team
Construct Section Command Post
Selects Canadian Shock Battlegroup
Infantry Section
Infantry Section
Selects Incendiary Munitions
Grenade Package
Infantry Section
Infantry Section
Construct Field Infirmary
Selects Pyrotechnics
Construct Platoon Command Post
Selects Attacking Spirit
Selects Canadian Shock Section
Infantry Training
LuckySeven
Basildon Bond
MLOVICK
Agent Smith
Executor
Robin Da Hood
0
0
Comments
sign in to comment!
No comments posted yet!